AoeStats
← Long John Silver

Arabia

504799004Analyzed
1v1 RM · 26d ago on Sep 6, 2026· 41m 57s· 2 players
Game mode
Random Map
Map size
Tiny (2 player)
Population
200
Speed
Normal
Resources
Standard
Victory
Conquest
Starting age
Dark Age
Ending age
Imperial Age
RankedLock teamsTeams togetherTeam positionsShared explorationLock speedFull tech treeHidden civsTurbo modeCheats
Victory
Defeat
🇩🇪 Persians · Germany
1741
+10
🇧🇪 Celts · Belgium
1607
-10
quenottier du peuple
6:39 Loom
9:13 Feudal Age
9:20 Man-at-Arms
9:45 Double-Bit Axe
14:55 Fletching
17:37 Wheelbarrow
21:38 Castle Age
20:20 Padded Archer Armor
22:28 Bodkin Arrow
22:54 Crossbowman
23:47 Scale Mail Armor
23:57 Forging
23:56 Pikeman
25:19 Bow Saw
25:38 Horse Collar
27:17 Chain Mail Armor
26:54 Town Watch
28:48 Leather Archer Armor
29:04 Arson
30:59 Heavy Plow
37:14 Ballistics
39:40 Gold Mining
40:29 Hand Cart
Long John Silver
6:11 Loom
8:31 Feudal Age
9:03 Double-Bit Axe
15:11 Horse Collar
16:50 Padded Archer Armor
17:46 Fletching
22:04 Castle Age
21:17 Bloodlines
21:13 Scale Barding Armor
22:04 Forging
23:39 Bow Saw
23:48 Husbandry
27:19 Bodkin Arrow
28:16 Chain Barding Armor
27:47 Elite Skirmisher
30:06 Iron Casting
29:54 Thumb Ring
31:27 Leather Archer Armor
32:36 Ballistics
36:24 Wheelbarrow
35:34 Town Watch
35:52 Heavy Plow
35:42 Gold Mining
40:44 Imperial Age
42:08 Plate Barding Armor
41:34 Cavalier
Connection lost

Rejoining the realm…

Still unreachable

The connection could not be restored.

Session expired

The server has moved on; the page needs a fresh start.